 Dungeon Crawl Stone Soup version 0.31.0-12-g77e489cdc1 (webtiles) character file.

Game seed: 7872068436597583076

82 Silvore the Trooper (level 4, -1/35 HPs)
             Began as a Demonspawn Fighter on Feb 14, 2024.
             Slain by a goblin
             ... wielding a +0 club
             ... led by Robin
              (4 damage)
             ... on level 2 of the Dungeon.
             The game lasted 00:01:38 (972 turns).

Silvore the Trooper (Demonspawn Fighter)             Turns: 972, Time: 00:01:39

Health: -1/35      AC: 10    Str: 18    XL:     4   Next: 21%
Magic:  4/4        EV:  9    Int:  9    God:
Gold:   130        SH:  4    Dex: 12    Spells: 3/3 levels left

rFire   . . .        a - +0 long sword
rCold   . . .        c - +0 buckler
rNeg    . . .        b - +0 scale mail
rPois   .            (no helmet)
rElec   .            g - +0 cloak
rCorr   .            (no gloves)
SInv    .            (no boots)
Will    .....        (no amulet) Stlth
                     (no ring)
HPRegen 0.25/turn    (no ring)
MPRegen 0.09/turn

%: no passive effects
@: mighty
A: yellow scales 1
a: no special abilities


You were on level 2 of the Dungeon.
You visited 1 branch of the dungeon, and saw 2 of its levels.

You collected 130 gold pieces.

Inventory:

Hand Weapons
 a - a +0 long sword (weapon)
Armour
 b - a +0 scale mail (worn)
 c - a +0 buckler (worn)
 g - a +0 cloak (worn)
Scrolls
 f - 2 scrolls of vulnerability
Potions
 e - a potion of brilliance {unknown}
 h - a potion of cancellation {unknown}
 i - a potion of invisibility {unknown}


   Skills:
 + Level 3.5 Fighting
 + Level 2.7 Long Blades
 + Level 3.2 Armour
 + Level 0.5 Dodging
 + Level 3.1 Shields


You had 3 spell levels left.
You didn't know any spells.
Your spell library was empty.

Dungeon Overview and Level Annotations

Branches:
Dungeon (2/15)

Altars:

Shops:
D:1 [?![

Annotations:
D:2 Robin


Innate Abilities, Weirdness & Mutations

You are partially covered in yellow scales. (AC +2)


Message History

Robin roars a battlecry!
The hobgoblin goes into a battle-frenzy!
A goblin comes into view. It is wielding a +0 club. x2
The goblin moves out of view.
You see here a scroll labelled DOTAKICV ZUGO.
Robin throws the goblin at you!
The hobgoblin hits you but does no damage.
The goblin hits you with a +0 club.
You barely miss the hobgoblin. Robin throws the goblin at you!
The hobgoblin hits you but does no damage.
The goblin barely misses you. You block the goblin's attack.
You completely miss the hobgoblin. The goblin hits you but does no damage.
The hobgoblin barely misses you. The goblin completely misses you.
A goblin comes into view. It is wielding a +0 dagger.
The goblin hits you with a +0 club. x2
Robin closely misses you.
Unknown command.
The goblin hits you but does no damage. Robin throws the goblin at you!
You block the goblin's attack.
The hobgoblin attacks as it pursues you!
The hobgoblin closely misses you.
You barely miss the goblin. The goblin hits you but does no damage.
A goblin comes into view. It is wielding a +0 dagger.
The goblin hits you with a +0 club. Robin hits you but does no damage.
The goblin hits you but does no damage. The hobgoblin barely misses you.
You closely miss the goblin. The goblin hits you with a +0 dagger.
Robin hits you but does no damage. You block the goblin's attack.
The goblin hits you but does no damage. The hobgoblin barely misses you.
You barely miss the goblin.
A bat comes into view.
The goblin barely misses you. Robin hits you but does no damage.
The goblin closely misses you. The goblin hits you with a +0 club.
* * * LOW HITPOINT WARNING * * *
The hobgoblin hits you.
* * * LOW HITPOINT WARNING * * *
The bat moves out of view.
You feel very mighty all of a sudden. The goblin hits you but does no damage.
Robin throws the goblin at you! The goblin hits you with a +0 club.
You die...

######>..........
#.....#..#####
##.##†........ .
####.....####.. .#
#...####'######..
#...# #........# #...#
#........# #####...#
#..ggg...# #...#...#
#..g@....# #...#...#
#..g.....# #...#...#
#..g.....#
###...#...####'#######
..'...'...†..#.#
###...#...##.#.
#...######.#. #...#
##'##### #..[#
#......#


You could see Robin, a hobgoblin (strong) and 4 goblins.

Vanquished Creatures
  Jessica (D:2)
  2 adders (D:2)
  A ribbon worm (D:2)
  A dart slug (D:1)
  4 ball pythons
  2 endoplasms (D:1)
  2 goblins (D:1)
  3 hobgoblins
  6 quokkas
  3 bats
  4 kobolds (D:1)
  3 rats
32 creatures vanquished.

Notes
Turn   | Place    | Note
-------+----------+-------------------------------------------
     0 | D:1      | Silvore the Demonspawn Fighter began the quest for the Orb.
     0 | D:1      | Reached XP level 1. HP: 18/18 MP: 1/1
    87 | D:1      | Gained mutation: You are partially covered in yellow
                  | scales. (AC +2) [demonic ancestry]
    87 | D:1      | Reached XP level 2. HP: 24/24 MP: 2/2
    91 | D:1      | Found Kobrakeo's Distillery.
   181 | D:1      | Found Pemiklahepn's Armour Shop.
   348 | D:1      | Found Dekyemif's Antique Armour Emporium.
   354 | D:1      | Found Posiu's Magic Scroll Shoppe.
   548 | D:2      | Found a faded altar of an unknown god.
   551 | D:2      | Reached XP level 3. HP: 29/29 MP: 3/3
   739 | D:2      | Noticed Jessica
   746 | D:2      | Killed Jessica
   814 | D:2      | Reached XP level 4. HP: 35/35 MP: 4/4
   962 | D:2      | Noticed Robin
   972 | D:2      | Slain by a goblin

Illustrated notes

Levels and vault maps discovered:
D:1:      erik_arrival_triangle_huge, layout_rooms, serial_shops,
          nicolae_shop_tiny_statue_garden, nicolae_shop_just_a_little_nook,
          shop, shop_coins
D:2:      layout_basic, nicolae_ecumenical_pavilion, nrook_campfire,
          minmay_shallow_snake_nest, uniq_robin, uniq_jessica

Skill      XL: |  1  2 |
---------------+-------+-----
Armour         | 3 |  3.2
Long Blades    | 2 |  2.7
Shields        | 3 |  3.1
Fighting       | |  3.5
Dodging        | |  0.5

Action                     |  1- 3 |  4- 6 || total
---------------------------+-------+-------++-------
  Melee: Long sword        |    83 |    19 ||   102
    Use: Scroll            |     2 |       ||     2
         Potion            |       |     1 ||     1
 Armour: Scale mail        |    55 |    34 ||    89
  Dodge: Dodged            |    45 |    15 ||    60
  Block: Buckler           |    25 |    10 ||    35
